Map: Blackburn LE

Players

Reynor - Winner!

  • Race: Zerg Zerg

Probe

  • Race: Protoss Protoss

Event: DreamHack SC2 Masters 2021 Summer

VOD

Have the link to the VOD?

Description

Time

  • Played on: July 1, 2021, 1:35 p.m.
  • Length: 6:09

All games in this series

Show
View Real Time Build Order
Export as new Build Order

Reynor Zerg - Winner!

Build Orders: Pool First 

Get SALT Encoding   

  12  0:17  Spawning Pool  
  11  0:22  Drone  
  11  0:27  Drone  
  13  0:31  Drone  
  14  0:39  Overlord  
  14  1:04  Zergling x2  
  14  1:05  Zergling x4  
  17  1:16  Zergling x2  
  18  1:20  Hatchery  
  17  1:27  Zergling x2  
  18  1:35  Queen  
  18  1:39  Drone  
  21  1:47  Overlord  
  21  2:00  Drone  
  22  2:06  Extractor  
  21  2:09  Drone  
  21  2:11  Queen  
  24  2:20  Drone  
  23  2:31  Drone  
  23  2:32  Drone  
  24  2:37  Queen  
  24  2:42  Drone  
  27  2:44  Drone  
  27  2:48  Drone x2  
  30  2:55  Drone  
  30  2:57  Overlord  
  31  3:04  Zergling x2  
  31  3:05  Zergling x2  
  33  3:08  Drone  
  34  3:15  Metabolic Boost  
  34  3:16  Zergling x2  
  34  3:19  Drone  
  35  3:21  Drone  
  35  3:24  Drone  
  35  3:26  Drone  
  38  3:29  Drone  
  39  3:44  Hatchery  
  39  3:46  Drone  
  39  3:48  Drone  
  40  3:52  Overlord  
  40  4:01  Overlord  
  40  4:03  Drone  
  40  4:05  Drone  
  40  4:07  Zergling x2  
  43  4:11  Zergling x6  
  43  4:12  Zergling x2  
  47  4:18  Baneling Nest  
  47  4:20  Zergling x4  
  49  4:27  Zergling x4, Baneling Nest  
  50  4:32  Drone, Spore Crawler  
  50  4:36  Overlord  
  50  4:38  Zergling x2  
  51  4:56  Zergling x20  
  61  5:04  Overlord  
  60  5:11  Baneling x7  
  60  5:13  Baneling  
  60  5:16  Zergling x8  
  60  5:17  Zergling x2  
  65  5:21  Overlord  
  65  5:24  Zergling x2  
  65  5:25  Zergling x2  
  65  5:28  Baneling  
  64  5:36  Zergling x6  
  64  5:38  Baneling  
  64  5:40  Zergling x4  
  65  5:50  Zergling x8  
Show
View Real Time Build Order
Export as new Build Order

Probe Protoss 

Build Orders:  

Get SALT Encoding   

  12  0:00  Probe  
  13  0:12  Probe  
  14  0:20  Pylon  
  14  0:26  Probe  
  15  0:38  Probe (Chrono Boost)  
  16  0:45  Gateway  
  16  0:47  Probe (Chrono Boost)  
  17  0:51  Assimilator  
  17  0:52  Probe (Chrono Boost)  
  18  1:04  Probe  
  19  1:16  Probe  
  20  1:25  Gateway  
  20  1:27  Pylon  
  20  1:32  Cybernetics Core  
  20  1:33  Zealot (Chrono Boost)  
  20  1:37  Probe  
  23  1:49  Probe  
  23  1:52  Pylon  
  24  1:56  Zealot (Chrono Boost)  
  26  2:01  Probe  
  26  2:08  Warp Gate  
  26  2:09  Adept (Chrono Boost)  
  26  2:13  Probe  
  29  2:21  Adept (Chrono Boost)  
  26  2:31  Probe  
  27  2:46  Probe  
  27  2:49  Nexus  
  28  2:57  Assimilator  
  28  2:58  Probe  
  28  3:02  Stargate  
  29  3:10  Probe  
  30  3:16  Pylon  
  30  3:23  Probe  
  31  3:35  Probe  
  31  3:38  Void Ray (Chrono Boost)  
  31  3:47  Probe  
  36  3:59  Adept  
  36  4:02  Probe (Chrono Boost)  
  40  4:03  Probe (Chrono Boost)  
  40  4:11  Probe (Chrono Boost)  
  40  4:14  Probe (Chrono Boost), Oracle  
  40  4:16  Probe (Chrono Boost)  
  45  4:23  Probe, Pylon  
  47  4:28  Probe  
  48  4:35  Probe  
  49  4:39  Nexus  
  49  4:40  Probe, Pylon  
  50  4:47  Probe  
  50  4:52  Probe, Stargate  
  52  4:59  Probe  
  53  5:00  Assimilator  
  53  5:01  Assimilator  
  53  5:04  Probe  
  53  5:07  Shield Battery  
  54  5:08  Void Ray  
  54  5:11  Probe  
  55  5:16  Probe  
  60  5:24  Probe  
  60  5:26  Sentry  
  63  5:29  Shield Battery  
  64  5:35  Probe  
  64  5:36  Gateway  
  64  5:38  Gateway  
  63  5:43  Gateway  
  63  5:49  Probe  
  64  5:52  Probe  
Tags
 
Add a new tag
Caveats
  • Supply blocks, unpowered buildings, or Contaminate may cause inaccurate times.
  • Supply counts are checked every 10 seconds.